AoeStats
← DEADPOOL67

Arena

507502747Analyzed
2v2 RM · 13d ago on Sep 18, 2026· 24m 35s· 4 players
Game mode
Random Map
Map size
Medium (4 player)
Population
200
Speed
Normal
Resources
Standard
Victory
Conquest
Starting age
Dark Age
Ending age
Imperial Age
RankedLock teamsTeams togetherTeam positionsShared explorationLock speedFull tech treeHidden civsTurbo modeCheats
Victory
Defeat
🇷🇴 Malay · Romania
1019
+15
🇷🇴 Byzantines · Romania
837
+22
🇫🇷 Lithuanians · France
1008
-20
🇫🇷 Mongols · France
955
-17
mlouissylvestre
9:58 Feudal Age
10:32 Double-Bit Axe
10:40 Gold Mining
17:17 Castle Age
sarfaoui4
9:55 Feudal Age
14:14 Castle Age
13:01 Loom
13:08 Double-Bit Axe
14:13 Gold Mining
17:17 Sanctity
17:10 Fervor
22:59 Wheelbarrow
22:55 Redemption
DEADPOOL67
11:29 Feudal Age
16:54 Castle Age
16:08 Stone Mining
16:04 Horse Collar
18:38 Stone Shaft Mining
Razvaldo
11:04 Feudal Age
17:18 Castle Age
16:16 Stone Mining
16:23 Double-Bit Axe
18:55 Loom
23:43 Gold Mining
Connection lost

Rejoining the realm…

Still unreachable

The connection could not be restored.

Session expired

The server has moved on; the page needs a fresh start.